 Dungeon Crawl Stone Soup version 0.28.0-47-ge53b351184 (webtiles) character file.

Game seed: 713575577030493024

2 CryoSword the Magician (level 1, -2/13 HPs)
             Began as a Demonspawn Hedge Wizard on Apr 30, 2022.
             Frozen to death by an endoplasm (3 damage)
             ... on level 1 of the Dungeon.
             The game lasted 00:00:12 (22 turns).

CryoSword the Magician (Demonspawn Hedge Wizard)      Turns: 22, Time: 00:00:13

Health: -2/13      AC:  2    Str: 10    XL:     1   Next: 25%
Magic:  0/4        EV: 12    Int: 15    God:
Gold:   0          SH:  0    Dex: 12    Spells: 5/6 levels left

rFire   . . .      SeeInvis .   a - +0 dagger
rCold   . . .      Faith    .   (no shield)
rNeg    . . .      Spirit   .   b - +0 robe
rPois   .          Reflect  .   c - +0 hat
rElec   .          Harm     .   (no cloak)
rCorr   .          Rampage  .   (no gloves)
Will    .....                   (no boots)
Stlth   ++........              (no amulet)
HPRegen 0.04/turn               (no ring)
MPRegen 0.09/turn               (no ring)

@: no status effects
A: no striking features
a: no special abilities


You were on level 1 of the Dungeon.
You visited 1 branch of the dungeon, and saw 1 of its levels.

Inventory:

Hand Weapons
 a - a +0 dagger (weapon)
Armour
 b - a +0 robe (worn)
 c - a +0 hat (worn)


   Skills:
 + Level 0.1 Fighting
 - Level 1.7 Dodging
 - Level 1.7 Stealth
 - Level 3.0 Spellcasting
 * Level 1.2 Conjurations
 - Level 1.0 Summonings
 - Level 0.8 Translocations


You had 5 spell levels left.
You knew the following spells:

 Your Spells              Type           Power      Damage    Failure   Level
a - Magic Dart            Conj           20%        1d4       12%         1

Your spell library contained the following spells:

 Spells                   Type           Power      Damage    Failure   Level
 Slow                     Hex            8%         N/A       21%         1
 Call Imp                 Summ           5%         N/A       21%         2
 Blink                    Tloc           8%         N/A       22%         2
 Conjure Flame            Conj/Fire      4%         6-21      43%         3
 Mephitic Cloud           Conj/Pois/Air  3%         N/A       45%         3


Dungeon Overview and Level Annotations

Branches:
Dungeon (1/15)

Altars:


Message History

Welcome, CryoSword the Demonspawn Hedge Wizard.
Everyone else who sought the Orb of Zot has failed.
Will you be different?
Found a staircase leading out of the dungeon.
Found a club.
Found 4 bolts.
A kobold comes into view. It is wielding a +0 short sword.
Found a scroll labelled VIEDAU GILUOZU.
The kobold shouts!
A kobold is nearby!
A kobold is nearby!
A kobold is nearby!
A ball python comes into view.
The kobold throws a stone.
The stone hits you but does no damage.
An endoplasm comes into view.
The endoplasm quivers.
The ball python hisses angrily.
The kobold hits you with a +0 short sword.
You are too injured to fight recklessly!
You are too injured to fight recklessly!
You are too injured to fight recklessly!
The kobold throws a stone.
The stone hits you but does no damage.
The kobold throws a stone.
The stone barely misses you.
Aim: a kobold, wielding a +0 short sword and quivering stones (100% to hit)
The magic dart hits the kobold.
You kill the kobold!
Okay, then.
Unknown command.
The ball python bites you.
* * * LOW HITPOINT WARNING * * *
The ball python closely misses you. The ball python bites you.
* * * LOW HITPOINT WARNING * * *
The ball python closely misses you.
Aim: a ball python (100% to hit)
The magic dart hits the ball python.
The ball python bites you.
* * * LOW HITPOINT WARNING * * *
The ball python misses you.
Aim: a ball python (heavily wounded, 100% to hit)
The magic dart hits the ball python.
You kill the ball python!
Aim: an endoplasm (100% to hit)
The magic dart hits the endoplasm.
You hit the endoplasm. The endoplasm closely misses you.
You hit the endoplasm. The endoplasm freezes you.
You are frozen.
You die...

#.# #.# #.# #####.##
## ..?....######## #..
#.....)...... ....
#.....##
.(..#####J...)##
#....@#.....#
##...###.J........
..#####.#####.....####
#...........#.....#
##....<....###......
##.......## #....#.
....#.....#.... #.....
...###...###... #....
#.# ##.## #.#


You could see an endoplasm.

Vanquished Creatures
  A ball python (D:1)
  A kobold (D:1)
2 creatures vanquished.

Notes
Turn   | Place    | Note
-------+----------+-------------------------------------------
     0 | D:1      | CryoSword the Demonspawn Hedge Wizard began the quest for
                  | the Orb.
     0 | D:1      | Reached XP level 1. HP: 13/13 MP: 4/4
    22 | D:1      | Frozen to death by an endoplasm

Illustrated notes

Levels and vault maps discovered:
D:1:      onia_arrival_pyramid, layout_loops_ring

Action                   || total
-------------------------++-------
Melee: Dagger            ||     2
 Cast: Magic Dart        ||     4
Armor: Robe              ||     2
Dodge: Dodged            ||     5
